 Dungeon Sprint DCSS version 0.31-a0-986-g5e6e4ef867 (webtiles) character file.

Game seed: 758151473752952510

18541 rocky1 the Wrestler (level 12, -3/110 HPs)
             Began as a Minotaur Shapeshifter on Nov 14, 2023.
             Was an Initiate of Gozag.
             Slain by a fire giant
             ... wielding a +1 great sword of flaming
              (11 damage)
             ... in the Dungeon (Sprint IX: "|||||||||||||||||||||||||||||").
             The game lasted 00:10:42 (3038 turns).

rocky1 the Wrestler (Minotaur Shapeshifter)         Turns: 3038, Time: 00:10:43

Health: -3/110     AC: 12    Str: 19    XL:     12   Next: 28%
Magic:  11/11      EV: 18    Int:  9    God:    Gozag
Gold:   688        SH:  0    Dex: 13    Spells: 11/11 levels left

rFire   . .          .
                       - Unarmed
rCold   . . .        (no shield)
rNeg    . . .        J - +0 swamp dragon scales
rPois   +            (helmet currently unavailable)
rElec   .            (cloak currently unavailable)
rCorr   .            (gloves currently unavailable)
SInv    .            (boots currently unavailable)
Will    .....        (no amulet)
Stlth   +++          o - +2 ring of protection
HPRegen 0.38/turn    n - +2 ring of evasion
MPRegen 0.12/turn

%: no teleportation
@: mighty, brilliant, beast-form, gold aura, hasted, invisible, very quick
A: beast (slay +4), horns 2, retaliatory headbutt
a: Begin Untransformation, Renounce Religion, Potion Petition, Call Merchant,
Bribe Branch


You were in the Dungeon.
You worshipped Gozag.
Gozag was pleased with you.
You were a hulking beast.
You visited 1 branch You collected 7727 gold pieces.
You spent 2592 gold pieces at shops.
You paid 4447 gold pieces to Gozag.

Inventory:

Missiles
 D - 6 curare-tipped darts
Armour
 k - a +0 cloak
 p - a +2 ring mail
 u - a +0 pair of gloves
 v - a +0 pair of boots
 I - a +1 pair of boots
 J - +0 swamp dragon scales (worn)
Jewellery
 n - a +2 ring of evasion (right hand)
 o - a +2 ring of protection (left hand)
 E - a ring of fire
 F - a ring of wizardry
 G - a ring of protection from fire
 H - a ring of protection from fire
Talismans
 c - a beast talisman
 d - a flux talisman
Scrolls
 a - 4 scrolls of vulnerability
 i - 2 scrolls of immolation
 j - 4 scrolls of blinking
 l - 2 scrolls of amnesia
 r - 7 scrolls of identify
 s - 4 scrolls of fear
 y - a scroll of summoning
 z - 2 scrolls of revelation
 A - 3 scrolls of silence
 B - 2 scrolls of fog
 C - a scroll of brand weapon
 L - 2 scrolls of enchant armour
 M - 2 scrolls of enchant weapon
Potions
 b - a potion of lignification
 e - 6 potions of curing
 f - a potion of invisibility
 g - 5 potions of haste
 h - 4 potions of magic
 m - 2 potions of mutation
 q - 3 potions of heal wounds
 t - 2 potions of enlightenment
 w - a potion of attraction
 x - 3 potions of brilliance
 K - a potion of berserk rage


   Skills:
 * Level 11.6 Fighting
 + Level 11.8 Armour
 + Level 11.7 Dodging
 + Level 6.5 Stealth
 + Level 22.2 Unarmed Combat
 - Level 4.8 Evocations
 * Level 12.3 Shapeshifting


You had 11 spell levels left.
You didn't know any spells.
Your spell library contained the following spells:

 Spells                   Type           Power      Damage    Failure   Level
 Apportation              Tloc           0%         N/A       52%         1
 Necrotise                Necr           0%         1d4       52%         1
 Summon Small Mammal      Summ           0%         N/A       52%         1


Dungeon Overview and Level Annotations

Branches:
Dungeon (1/1)

Altars:
Cheibriados
Dithmenos
Elyvilon
Fedhas
Gozag
Hepliaklqana
Kikubaaqudgha
Makhleb
Nemelex Xobeh
Okawaru
Qazlal
Ru
Sif Muna
Trog
Uskayaw
Vehumet
Wu Jian
Xom
Yredelemnul
Zin
The Shining One
Jiyva
Lugonu

Shops:
D (*?[?*


Innate Abilities, Weirdness & Mutations

You are a hulking beast.
Your limbs bulge with bestial killing power. (Slay +4)
You have a pair of horns on your head.
You reflexively headbutt those who attack you in melee.


Message History

You kill the spriggan berserker!
The sphinx is no longer distracted by gold.
The ettin is no longer distracted by gold.
The sphinx hits you! The sphinx hits you but does no damage.
The sphinx closely misses you.
Things that are here:
45 gold pieces; a +0 rapier; a +0 animal skin You barely miss the sphinx.
You headbutt the sphinx!
The sphinx is lightly wounded.
The spriggan air mage waves its arms in wide circles.
The air twists around and strikes you! The sphinx hits you but does no damage.
The sphinx misses you. The sphinx hits you!
You feel much better. The sphinx hits you! The sphinx hits you.
The sphinx barely misses you.
The spriggan air mage is distracted by your dazzling golden aura. [a] - 552 gold - brilliance, magic, invisibility and might [b] - 378 gold - haste and brilliance [c] - 560 gold - haste and resistance Purchase which effect?
You feel clever all of a sudden. Magic courses through your body.
You fade into invisibility!
You feel very mighty all of a sudden.
The cyan ugly thing is distracted by your dazzling golden aura.
The cyan ugly thing gurgles horribly!
The spriggan air mage shouts!
You pummel the sphinx!!
The sphinx is heavily wounded.
The sphinx hits you but does no damage. The sphinx barely misses you.
The sphinx hits you.
You pummel the sphinx!!
The sphinx is severely wounded.
The ettin is distracted by your dazzling golden aura.
The ettin shouts in stereo!
You pummel the sphinx like a punching bag!!!
You kill the sphinx!
Your Unarmed Combat skill increases to level 22!
The fire giant hits you with a +1 great sword of flaming!!
* * * LOW HITPOINT WARNING * * *
The fire giant burns you!
You die...
Your body crumbles into a pile of gold.

▓$▓.▓)▓.▓.▓.▓)▓
▓$▓.▓)▓.▓.▓.▓.▓
▓.▓.▓∩▓.▓.▓.▓[▓
▓.▓.▓)▓.▓.▓.▓.▓
▓$▓.▓∩▓.▓.▓.▓.▓
▓$▓.▓.▓.▓.▓.▓.▓
▓$▓.▓∩▓.▓.▓.▓.▓
▓$▓.▓)▓.▓.▓.▓'▓
▓h▓.▓∩▓.▓.▓.▓.▓
▓C▓.▓.▓.▓.▓.▓)▓
▓C▓.▓[▓.▓'▓.▓.▓
▓u▓.▓)▓.▓.▓.▓.▓
▓i▓.▓)▓.▓.▓.▓.▓
▓.▓.▓.▓.▓[▓.▓.▓
▓+▓.▓'▓.▓.▓.▓'▓
▓.▓.▓.▓[▓.▓)▓
▓.▓∩▓.▓.▓.▓.▓


You could see a fire giant, a cyan ugly thing (unable to see you), an ettin
(wandering, unable to see you) and a spriggan air mage (repels missiles).

Vanquished Creatures
  A sphinx (D)
  3 hydras (D)
  3 centaur warriors (D)
  An ogre mage (D)
  A two-headed ogre (D)
  2 boulder beetles (D)
  3 orc high priests (D)
  A spriggan berserker (D)
  A skeletal warrior (D)
  3 orc knights (D)
  A necromancer (D)
  A cyclops (D)
  An elephant (D)
  2 black mambas (D)
  2 cane toads (D)
  A rime drake (D)
  5 polar bears (D)
  A hornet (D)
  2 slime creatures (D)
  A shadow (D)
  4 yaks (D)
  A vampire (D)
  3 wyverns (D)
  A steam dragon (D)
  2 vampire mosquitoes (D)
  A water moccasin (D)
  10 orc warriors (D)
  4 black bears (D)
  A killer bee (D)
  2 hounds (D)
  4 orc priests (D)
  2 orc wizards (D)
  2 adders (D)
  An ufetubus (D)
  16 orcs (D)
  A ball python (D)
  A giant cockroach (D)
  2 goblins (D)
  A rat (D)
95 creatures vanquished.

Vanquished Creatures (others)
  A tarantella (shapeshifter) (D)
  A gnoll sergeant (D)
2 creatures vanquished.

Grand Total: 97 creatures vanquished

Notes
Turn   | Place    | Note
-------+----------+-------------------------------------------
     0 | D        | rocky1 the Minotaur Shapeshifter began the quest for the
                  | Orb.
     0 | D        | Reached XP level 1. HP: 16/16 MP: 0/0
   160 | D        | Noticed a hound
   160 | D        | Noticed a hound
   166 | D        | Killed a hound
   167 | D        | Reached skill level 5 in Unarmed Combat
   167 | D        | Reached XP level 2. HP: 18/23 MP: 1/1
   167 | D        | Reached XP level 3. HP: 21/28 MP: 2/2
   176 | D        | Reached skill level 6 in Unarmed Combat
   176 | D        | Reached XP level 4. HP: 36/36 MP: 3/3
   187 | D        | Reached skill level 5 in Shapeshifting
   477 | D        | Found a snail-covered altar of Cheibriados.
   477 | D        | Found a shadowy altar of Dithmenos.
   477 | D        | Found a white marble altar of Elyvilon.
   477 | D        | Found a blossoming altar of Fedhas.
   477 | D        | Found an opulent altar of Gozag.
   478 | D        | Found a hazy altar of Hepliaklqana.
   479 | D        | Found a viscous altar of Jiyva.
   480 | D        | Found an ancient bone altar of Kikubaaqudgha.
   481 | D        | Found a corrupted altar of Lugonu.
   482 | D        | Found a burning altar of Makhleb.
   483 | D        | Found a sparkling altar of Nemelex Xobeh.
   484 | D        | Found an iron altar of Okawaru.
   485 | D        | Became a worshipper of Gozag Ym Sagoz the Greedy
   486 | D        | Found a stormy altar of Qazlal.
   487 | D        | Found a sacrificial altar of Ru.
   488 | D        | Found a shimmering blue altar of Sif Muna.
   489 | D        | Found a bloodstained altar of Trog.
   490 | D        | Found a hide-covered altar of Uskayaw.
   491 | D        | Found a radiant altar of Vehumet.
   492 | D        | Found an ornate altar of the Wu Jian Council.
   493 | D        | Found a shimmering altar of Xom.
   494 | D        | Found a basalt altar of Yredelemnul.
   495 | D        | Found a glowing silver altar of Zin.
   496 | D        | Found a glowing golden altar of the Shining One.
   543 | D        | Noticed a shadow
   543 | D        | Noticed a steam dragon
   543 | D        | Noticed a vampire
   543 | D        | Noticed a two-headed ogre
   543 | D        | Noticed a hornet
   546 | D        | Reached skill level 7 in Unarmed Combat
   547 | D        | Killed a steam dragon
   548 | D        | Reached skill level 1 in Armour
   548 | D        | Reached skill level 5 in Dodging
   548 | D        | Reached skill level 9 in Unarmed Combat
   548 | D        | Reached XP level 5. HP: 20/45 MP: 4/4
   548 | D        | Reached XP level 6. HP: 23/51 MP: 5/5
   548 | D        | Killed a shadow
   548 | D        | Killed a vampire
   549 | D        | Reached skill level 11 in Unarmed Combat
   549 | D        | Reached skill level 1 in Evocations
   549 | D        | Reached XP level 7. HP: 27/60 MP: 6/6
   553 | D        | Killed a two-headed ogre
   554 | D        | Reached skill level 5 in Fighting
   554 | D        | Reached skill level 12 in Unarmed Combat
   554 | D        | Reached XP level 8. HP: 32/68 MP: 7/7
   560 | D        | Killed a hornet
   561 | D        | Reached skill level 13 in Unarmed Combat
   862 | D        | Noticed a slime creature
   862 | D        | Noticed a tarantella
   862 | D        | Noticed a centaur warrior
   862 | D        | Noticed a boulder beetle
   865 | D        | Killed a tarantella
   866 | D        | Killed a slime creature
   869 | D        | Killed a centaur warrior
   870 | D        | Reached skill level 5 in Armour
   870 | D        | Reached skill level 14 in Unarmed Combat
   870 | D        | Reached XP level 9. HP: 39/77 MP: 8/8
   879 | D        | Killed a boulder beetle
   880 | D        | Reached skill level 15 in Unarmed Combat
  1392 | D        | Noticed a cane toad
  1392 | D        | Noticed a black mamba
  1395 | D        | Noticed a cane toad
  1404 | D        | Killed a cane toad
  1411 | D        | Killed a black mamba
  1412 | D        | Reached skill level 16 in Unarmed Combat
  1415 | D        | Reached XP level 10. HP: 60/86 MP: 9/9
  1419 | D        | Killed a cane toad
  1424 | D        | Reached skill level 10 in Dodging
  1728 | D        | Noticed a boulder beetle
  1728 | D        | Noticed a black mamba
  1728 | D        | Noticed a seven-headed hydra
  1729 | D        | Noticed an elephant
  1732 | D        | Reached skill level 10 in Shapeshifting
  1732 | D        | Noticed a seven-headed hydra
  1737 | D        | Killed a boulder beetle
  1738 | D        | Reached skill level 17 in Unarmed Combat
  1742 | D        | Killed a seven-headed hydra
  1743 | D        | Reached skill level 10 in Armour
  1743 | D        | Reached skill level 1 in Stealth
  1757 | D        | Killed a black mamba
  1761 | D        | Killed an elephant
  1765 | D        | Reached skill level 18 in Unarmed Combat
  1768 | D        | Killed a seven-headed hydra
  2077 | D        | Reached XP level 11. HP: 85/95 MP: 10/10
  2221 | D        | Bought a potion of attraction for 39 gold pieces
  2221 | D        | Bought a potion of mutation for 104 gold pieces
  2221 | D        | Bought a potion of haste for 130 gold pieces
  2221 | D        | Bought a potion of brilliance for 52 gold pieces
  2221 | D        | Bought a potion of heal wounds for 65 gold pieces
  2221 | D        | Bought a potion of haste for 130 gold pieces
  2221 | D        | Bought 2 potions of curing for 78 gold pieces
  2221 | D        | Bought a potion of brilliance for 52 gold pieces
  2303 | D        | Noticed an orc knight
  2313 | D        | Killed an orc knight
  2314 | D        | Reached skill level 19 in Unarmed Combat
  2568 | D        | Found Seashruod's Antique Weapon Emporium.
  2568 | D        | Noticed an orc high priest
  2568 | D        | Noticed an orc knight
  2568 | D        | Noticed an orc high priest
  2570 | D        | Noticed an orc knight
  2572 | D        | Killed an orc high priest
  2581 | D        | Killed an orc knight
  2590 | D        | Found Neda's Assorted Antiques.
  2595 | D        | Killed an orc high priest
  2596 | D        | Reached skill level 20 in Unarmed Combat
  2598 | D        | Killed an orc knight
  2599 | D        | Reached skill level 5 in Stealth
  2599 | D        | Found Somoih's Magic Scroll Emporium.
  2604 | D        | Found Ineng's Armour Shoppe.
  2610 | D        | Noticed an orc high priest
  2620 | D        | Killed an orc high priest
  2704 | D        | Bought a scroll of fear for 120 gold pieces
  2704 | D        | Bought a scroll of identify for 60 gold pieces
  2704 | D        | Bought 3 scrolls labelled WYNESM NEHOEJU for 90 gold pieces
  2706 | D        | Bought a scroll of immolation for 56 gold pieces
  2706 | D        | Bought a scroll of immolation for 56 gold pieces
  2706 | D        | Bought a scroll of vulnerability for 56 gold pieces
  2706 | D        | Bought a scroll of summoning for 133 gold pieces
  2706 | D        | Bought a scroll of revelation for 105 gold pieces
  2706 | D        | Bought a scroll of revelation for 105 gold pieces
  2817 | D        | Bought a scroll of identify for 32 gold pieces
  2817 | D        | Bought a scroll of silence for 152 gold pieces
  2817 | D        | Bought a scroll of fear for 64 gold pieces
  2817 | D        | Bought a scroll of fog for 64 gold pieces
  2817 | D        | Bought a scroll of silence for 152 gold pieces
  2817 | D        | Bought a scroll of brand weapon for 152 gold pieces
  2817 | D        | Bought a scroll of silence for 152 gold pieces
  2821 | D        | Bought 6 curare-tipped darts for 108 gold pieces
  2821 | D        | Bought a potion of heal wounds for 75 gold pieces
  2821 | D        | Bought a scroll of identify for 30 gold pieces
  2821 | D        | Bought a book of Cantrips for 180 gold pieces
  2985 | D        | Noticed a skeletal warrior
  2985 | D        | Noticed an eight-headed hydra
  2985 | D        | Noticed a centaur warrior
  2993 | D        | Killed a skeletal warrior
  2994 | D        | Reached skill level 10 in Fighting
  2995 | D        | Noticed a centaur warrior
  2996 | D        | Killed an eight-headed hydra
  2997 | D        | Noticed an ogre mage
  3004 | D        | Reached skill level 21 in Unarmed Combat
  3004 | D        | Noticed a necromancer
  3007 | D        | Killed a centaur warrior
  3007 | D        | Noticed a spriggan berserker
  3011 | D        | Noticed a sphinx
  3012 | D        | Noticed an ettin
  3013 | D        | Noticed a fire giant
  3018 | D        | Killed a centaur warrior
  3019 | D        | Reached XP level 12. HP: 67/108 MP: 9/11
  3023 | D        | Killed an ogre mage
  3024 | D        | Noticed a spriggan air mage
  3037 | D        | Killed a sphinx
  3038 | D        | Reached skill level 22 in Unarmed Combat
  3038 | D        | Slain by a fire giant

Illustrated notes

Levels and vault maps discovered:
D:        linesprint [early_d, line_temple, items_1, d_10, items_2, lair_1,
          lair_end, items_3, orc_1, orc_end, items_4, d_15, swamp_1, shoals_1,
          snake_1, spider_1, d_20, vaults_1, items_5, swamp_end, shoals_end,
          snake_end, spider_end, vaults_end, d_27, items_6, zot_1, zot_end,
          crypt_end, forest_end, elf_end, slime_end, tomb_end, abyss_end,
          pan_hell_end]

Skill      XL: |  1  2  3  4  5  6  7  8  9 10 11 12 |
---------------+-------------------------------------+-----
Shapeshifting  | 4 6 7 8 9 10 12 | 12.3
Dodging        | 3 5 6 7 8 9 10 11 | 11.7
Unarmed Combat | 5 6 9 11 12 14 16 18 21 22 | 22.2
Fighting       | 3 4 5 6 7 8 10 11 | 11.6
Armour         | 1 2 3 5 8 10 11 | 11.8
Evocations     | 1 2 3 4 |  4.8
Stealth        | 3 6 |  6.5

Action                     |  1- 3 |  4- 6 |  7- 9 | 10-12 || total
---------------------------+-------+-------+-------+-------++-------
  Melee: Unarmed           |    26 |    11 |    39 |   190 ||   266
         Headbutt          |     2 |       |     8 |    34 ||    44
         Punch             |       |       |     1 |    20 ||    21
 Invoke: Potion Petition   |       |       |       |     5 ||     5
         Call Merchant     |       |       |       |     3 ||     3
  Evoke: Wand              |       |     4 |     6 |       ||    10
    Use: Potion            |     1 |     1 |     3 |     5 ||    10
   Stab: Invisible         |       |       |       |     8 ||     8
         Distracted        |       |       |       |     3 ||     3
 Armour: Animal skin       |    16 |     7 |       |       ||    23
         Ring mail         |       |     3 |    20 |    59 ||    82
         Swamp dragon scal |       |       |       |    22 ||    22
  Dodge: Dodged            |    20 |     6 |    18 |    74 ||   118

Table legend: (Time is in decaauts)
 A = Elapsed time spent in this place.
 B = Non-inter-level travel time spent in this place.
 C = Inter-level travel time spent in this place.
 D = Time resting spent in this place.
 E = Time spent auto-exploring this place.
 F = Levels seen in this place.
 G = Mean time per level.
                   A        B        C        D        E       F      G
               +--------+--------+--------+--------+--------+-----+--------+
         Total |   2918 |   2918 |      0 |   1920 |      0 |   1 | 2918.0 |
       Dungeon |   2918 |   2918 |      0 |   1920 |      0 |   1 | 2918.0 |
               +--------+--------+--------+--------+--------+-----+--------+

Top non-repeatable levels by time:
       D: 2918 daAuts
